 Dungeon Crawl Stone Soup version 0.31-a0-596-g831eee08f1 (webtiles) character file.

Game seed: 10010518337829729780

3 qw the Shooter (level 1, 18/18 HPs)
             Began as a Minotaur Hunter on June 6, 2023.
             Quit the game on level 1 of the Dungeon on Aug 20, 2023.
             The game lasted 00:05:29 (68 turns).

qw the Shooter (Minotaur Hunter)                      Turns: 68, Time: 00:05:30

Health: 18/18      AC:  3    Str: 15    XL:     1   Next: 41%
Magic:  0/0        EV: 12    Int:  6    God:
Gold:   10         SH:  0    Dex: 13    Spells: 0/0 levels left

rFire   . . .        d - +0 dagger
rCold   . . .        (no shield)
rNeg    . . .        c - +0 leather armour
rPois   .            (helmet restricted)
rElec   .            (no cloak)
rCorr   .            (no gloves)
SInv    .            (no boots)
Will    .....        (no amulet)
Stlth   +            (no ring)
HPRegen 0.23/turn    (no ring)
MPRegen 0.07/turn

%: no passive effects
@: no status effects
A: horns 2, retaliatory headbutt
a: no special abilities


You were on level 1 of the Dungeon.
You visited 1 branch of the dungeon, and saw 1 of its levels.

You collected 10 gold pieces.


Innate Abilities, Weirdness & Mutations

You have a pair of horns on your head.
You reflexively headbutt those who attack you in melee.


   Skills:
 - Level 2.4 Fighting
 + Level 1.2 Axes
 - Level 4.3 Ranged Weapons
 - Level 2.1 Dodging
 - Level 0.7 Stealth


You couldn't memorise any spells.
You didn't know any spells.
Your spell library was empty.

Inventory:

Hand Weapons
 d - a +0 dagger (weapon)
Armour
 c - a +0 leather armour (worn)
Jewellery
 a - a ring of fire
Scrolls
 b - a scroll of butterflies

Dungeon Overview and Level Annotations

Branches:
Dungeon (1/15)

Altars:


Message History

Press ? for a list of commands and other information.
Saving game... please wait.
Welcome back, qw the Minotaur Hunter.
Press ? for a list of commands and other information.
18 ||| PLANNING D:1-11 You shoot an arrow.
The arrow hits the kobold.
The kobold is severely wounded.
You shoot an arrow. The arrow closely misses the kobold.
An endoplasm comes into view.
Lua error: [string "/dgldir/rcfiles/crawl-git/qwlua.rc"]:3986: Error in coroutine: [string "/dgldir/rcfiles/crawl-git/qwlua.rc"]:7087: attempt to call global 'compare_table_props' (a nil value) Lua error: [string "/dgldir/rcfiles/crawl-git/qwlua.rc"]:3986: Error in coroutine: cannot resume dead coroutine Saving game... please wait.
Welcome back, qw the Minotaur Hunter.
Press ? for a list of commands and other information.
20 ||| PLANNING D:1-11 You shoot an arrow.
The arrow hits the kobold!
You kill the kobold!
You shoot an arrow. The arrow hits the endoplasm.
The endoplasm is almost dead.
You shoot an arrow. The arrow hits the endoplasm.
You kill the endoplasm!
Your Axes skill increases to level 1!
d - a +0 dagger
27 ||| SWAPPING to +0 dagger.
d - a +0 dagger (weapon)
28 ||| DROPPING +0 shortbow.
You drop a +0 shortbow.
A ball python comes into view.
The ball python hisses angrily.
You see here 10 gold pieces.
You barely miss the ball python. Your headbutt misses the ball python.
The ball python bites you but does no damage.
The ball python grabs you. The ball python constricts you.
You hit the ball python.
You kill the ball python!
You now have 10 gold pieces.
a - a ring of fire
Found a faded altar of an unknown god.
Are you sure you want to abandon this character and quit the game? (Confirm with "yes".)
Okay, then.
Are you sure you want to abandon this character and quit the game? (Confirm with "yes".)

###... #...# #...#
#. .# #...# #. ##.#
#...# #.### ....#
#...# #.... .....
##...###### #...#
...... ..........#
#.#.##......
.......#..#
#.#.@.......
..........#
#....#.#..~~
.#%..#.##.# #....#.#
_ .#...#.##.#
#......#
.#...#.##.#####.####
.#...#.##.......#
.#...#.########.#
.......# #.#
.....#.. #.#


There were no monsters in sight!

Vanquished Creatures
  An endoplasm (D:1)
  A kobold (D:1)
  A ball python (D:1)
3 creatures vanquished.

Notes
Turn   | Place    | Note
-------+----------+-------------------------------------------
     0 | D:1      | qw the Minotaur Hunter began the quest for the Orb.
     0 | D:1      | Reached XP level 1. HP: 18/18 MP: 0/0
     0 | D:1      | 0 ||| qw: Version: 0.2-a-115-gcd55c43
     0 | D:1      | 0 ||| qw: Game counter: 17
     0 | D:1      | 0 ||| qw: Always use a shield: true
     0 | D:1      | 0 ||| qw: God list: Okawaru
     0 | D:1      | 0 ||| qw: Allow faded altars: false
     0 | D:1      | 0 ||| qw: Do Orc after D:15 true
     0 | D:1      | 0 ||| qw: Do second Lair branch before Depths: true
     0 | D:1      | 0 ||| qw: Lair rune preference: random
     0 | D:1      | 0 ||| qw: Plans: Normal
     0 | D:1      | 0 ||| PLANNING D:1-11
     0 | D:1      | 0 ||| qw: Version: 0.2-a-116-gd429f42
     0 | D:1      | 0 ||| qw: Game counter: 18
     0 | D:1      | 0 ||| qw: Always use a shield: true
     0 | D:1      | 0 ||| qw: God list: Okawaru
     0 | D:1      | 0 ||| qw: Allow faded altars: false
     0 | D:1      | 0 ||| qw: Do Orc after D:15 true
     0 | D:1      | 0 ||| qw: Do second Lair branch before Depths: true
     0 | D:1      | 0 ||| qw: Lair rune preference: random
     0 | D:1      | 0 ||| qw: Plans: Normal
     0 | D:1      | 0 ||| PLANNING D:1-11
    18 | D:1      | 18 ||| PLANNING D:1-11
    18 | D:1      | Upgraded the game from 0.31-a0-145-g046c7d2549 to
                  | 0.31-a0-167-g1c394c0614
    18 | D:1      | 18 ||| PLANNING D:1-11
    18 | D:1      | Upgraded the game from 0.31-a0-167-g1c394c0614 to
                  | 0.31-a0-175-g9f7f995f2b
    18 | D:1      | 18 ||| PLANNING D:1-11
    18 | D:1      | Upgraded the game from 0.31-a0-175-g9f7f995f2b to
                  | 0.31-a0-176-g91f28db67f
    18 | D:1      | 18 ||| PLANNING D:1-11
    18 | D:1      | Upgraded the game from 0.31-a0-176-g91f28db67f to
                  | 0.31-a0-210-gccc998df9b
    18 | D:1      | 18 ||| PLANNING D:1-11
    18 | D:1      | 18 ||| PLANNING D:1-11
    18 | D:1      | 18 ||| PLANNING D:1-11
    18 | D:1      | 18 ||| PLANNING D:1-11
    18 | D:1      | 18 ||| PLANNING D:1-11
    18 | D:1      | 18 ||| PLANNING D:1-11
    18 | D:1      | Upgraded the game from 0.31-a0-210-gccc998df9b to
                  | 0.31-a0-221-gbddc013574
    18 | D:1      | 18 ||| PLANNING D:1-11
    18 | D:1      | Upgraded the game from 0.31-a0-221-gbddc013574 to
                  | 0.31-a0-596-g831eee08f1
    18 | D:1      | 18 ||| PLANNING D:1-11
    20 | D:1      | 20 ||| PLANNING D:1-11
    23 | D:1      | Reached skill level 1 in Axes
    27 | D:1      | 27 ||| SWAPPING to +0 dagger.
    28 | D:1      | 28 ||| DROPPING +0 shortbow.
    67 | D:1      | Found a faded altar of an unknown god.
    68 | D:1      | Quit the game

Levels and vault maps discovered:
D:1:      minmay_arrival_stair_chambers, layout_loops_cross,
          hellmonk_ecumenical_altar_pennies_from_heaven

Skill      XL: |  1 |
---------------+----+-----
Axes           | 1 |  1.2
Fighting       | |  2.4
Ranged Weapons | |  4.3
Dodging        | |  2.1
Stealth        | |  0.7

Action                     || total
---------------------------++-------
  Melee: Dagger            ||     2
   Fire: Shortbow          ||     5
 Armour: Leather armour    ||     1

Table legend:
 A = Non-vault XP
 B = Vault XP
 C = Vault XP percentage of total XP
 D = Non-vault monster count
 E = Vault monster count
 F = Vault count percentage of total count
                 A         B        C        D         E       F
            +---------+---------+-------+---------+---------+-------
      Total |       5 |       0 |   0.0 |       3 |       0 |   0.0
            +---------+---------+-------+---------+---------+-------
        D:1 |       5 |       0 |   0.0 |       3 |       0 |   0.0
            +---------+---------+-------+---------+---------+-------
